 Dungeon Crawl Stone Soup version 0.21-a0-496-g696f58f (webtiles) character file.

127 slep the Slasher (level 4, 0/34 HPs)
             Began as a Demonspawn Gladiator on Nov 24, 2017.
             Slain by a gnoll
             ... wielding a +0 spear
              (2 damage)
             ... on level 2 of the Dungeon.
             The game lasted 00:05:40 (1206 turns).

slep the Slasher (Demonspawn Gladiator)             Turns: 1206, Time: 00:05:41

Health: 0/34       AC:  7    Str: 14    XL:     4   Next: 85%
Magic:  4/4        EV: 13    Int:  9    God:
Gold:   63         SH:  6    Dex: 16    Spells: 3/3 levels left

rFire    . . .     SeeInvis .   a - +0 long sword
rCold    . . .     Gourm    .   (no shield)
rNeg     . . .     Faith    .   b - +0 leather armour
rPois    .         Spirit   .   t - +2 helmet
rElec    .         Reflect  .   g - +0 cloak
rCorr    .         Harm     .   (no gloves)
MR       .....                  (no boots)
Stlth    +.........             (no amulet)
HPRegen  0.11/turn              (no ring)
MPRegen  0.09/turn              (no ring)

@: no status effects
A: large bone plates 2, powered by pain 1
a: no special abilities


You were on level 2 of the Dungeon.
You were not hungry.

You visited 1 branch of the dungeon, and saw 2 of its levels.

You collected 63 gold pieces.

Inventory:

Hand Weapons
 a - a +0 long sword (weapon)
Missiles
 d - 2 throwing nets (quivered)
 i - 3 javelins
 l - 12 poisoned needles
Armour
 b - a +0 leather armour (worn)
 c - a +0 helmet
 g - a +0 cloak (worn)
 t - a +2 helmet (worn)
Scrolls
 j - a scroll of enchant armour {unknown}
 k - a scroll of identify {unknown}
 m - a scroll of teleportation {unknown}
 q - a scroll of random uselessness {unknown}
Potions
 e - a potion of haste {unknown}
 h - 2 potions of agility {unknown}
 n - a potion of flight {unknown}
 o - 2 potions of curing {unknown}
 p - a potion of lignification {unknown}
 s - a potion of brilliance {unknown}
 u - a potion of might {unknown}
Comestibles
 f - 2 bread rations
 r - 6 chunks of flesh


   Skills:
 + Level 2.7 Fighting
 + Level 4.0 Long Blades
 + Level 1.8 Throwing
 + Level 1.5 Armour
 + Level 3.1 Dodging


You had 3 spell levels left.
You didn't know any spells.

Dungeon Overview and Level Annotations

Branches:
Dungeon (2/15)

Altars:
Qazlal


Innate Abilities, Weirdness & Mutations

You are mostly covered in large bone plates. (SH +6)
You sometimes gain a little power by taking damage.


Message History

You slash the gnoll!
You kill the gnoll!
Your Long Blades skill increases to level 4!
Throwing (i - inventory. (,) - cycle):
d - 3 throwing nets (quivered)
Press: ? - help, Shift-Dir - straight line, f - gnoll
Aim: a gnoll, wielding a spear You throw a throwing net.
The throwing net hits the gnoll.
The gnoll is caught in the net!
The gnoll is lightly wounded.
The gnoll struggles against the net.
The gnoll hits you from afar with a spear!
* * * LOW HITPOINT WARNING * * *
You hit the gnoll but do no damage.
The gnoll is lightly wounded.
The gnoll struggles against the net.
You block the gnoll's attack.
You completely miss the gnoll.
The gnoll is lightly wounded.
The gnoll struggles against the net.
The gnoll hits you from afar with a spear.
You die...

#^..≈^.^§§§§.....# #.#####
......_..........# ######.#
.§§..≈...≈.......# #...##.#####
..≈##...#.#......# #...##......
.^.(§...≈#^≈.....# #...########
..##^^..##≈......# #...#
.#.≈^..§≈........# #...#
.#####.........#######...########
######.##>....@gg).............
............#.#######...##......
###.#.......#.# #...##......
#....<..#.#.........##......
#....#..#.#........###......
#.......#.#........# #......
#.#.....#.#......... #......
...#.......#####......#......
###.##.##### #......#......


You could see 2 gnolls.

Vanquished Creatures
  Robin (D:2)
  4 gnolls (D:2)
  An adder (D:2)
  An ooze (D:1)
  A worm (D:2)
  5 dart slugs
  A leopard gecko (D:1)
  4 bats (D:1)
  A giant cockroach (D:2)
  11 goblins
  5 hobgoblins
  2 jackals (D:1)
  3 frilled lizards
  8 kobolds
  5 rats
53 creatures vanquished.

Vanquished Creatures (others)
  A bat (D:1)
1 creature vanquished.

Grand Total: 54 creatures vanquished

Notes
Turn   | Place    | Note
-------+----------+-------------------------------------------
     0 | D:1      | slep the Demonspawn Gladiator began the quest for the Orb.
     0 | D:1      | Reached XP level 1. HP: 16/16 MP: 1/1
   166 | D:1      | Gained mutation: You are partially covered in large bone plates. (SH +4) [demonic ancestry]
   166 | D:1      | Reached XP level 2. HP: 21/22 MP: 2/2
   167 | D:1      | Reached skill level 3 in Long Blades
   311 | D:1      | Gained mutation: You sometimes gain a little power by taking damage. [demonic ancestry]
   311 | D:1      | Reached XP level 3. HP: 3/27 MP: 3/3
   313 | D:1      | HP: 1/27 [bat (1)]
   943 | D:2      | Reached skill level 1 in Armour
  1040 | D:2      | Noticed Robin
  1068 | D:2      | Killed Robin
  1068 | D:2      | Gained mutation: You are mostly covered in large bone plates. (SH +6) [demonic ancestry]
  1068 | D:2      | Reached XP level 4. HP: 32/34 MP: 4/4
  1118 | D:2      | Found a stormy altar of Qazlal.
  1201 | D:2      | Reached skill level 4 in Long Blades
  1206 | D:2      | Slain by a gnoll

Vault maps used:
D:1:      dpeg_arrival_signposts
D:2:      grunt_qazlal_sundering, uniq_robin

Skill      XL: |  1  2  3  4 |
---------------+-------------+-----
Long Blades    | 3 4 |  4.0
Dodging        | 3 |  3.1
Armour         | 1 |  1.5
Fighting       | |  2.7
Throwing       | |  1.8

Action                   |  1- 3 |  4- 6 || total
-------------------------+-------+-------++-------
Melee: Long sword        |   114 |    44 ||   158
Throw: Throwing net      |       |     1 ||     1
 Stab: Distracted        |     1 |       ||     1
  Eat: Chunk             |     1 |       ||     1
Armor: Leather armour    |    35 |     5 ||    40
Dodge: Dodged            |    91 |    20 ||   111
Block: Other             |    24 |    13 ||    37
       Rpst.: Long sword |    26 |     8 ||    34

Table legend:
 A = Spawn XP
 B = Non-spawn XP
 C = Spawn XP percentage of total XP
 D = Spawn monster count
 E = Non-spawn monster count
 F = Spawn count percentage of total count
 G = Total turns spent on level
                    A         B        C        D         E        F      G
               +---------+---------+-------+---------+---------+-------+---------
         Total |       0 |     182 |   0.0 |       0 |      53 |   0.0 |  1206
               +---------+---------+-------+---------+---------+-------+---------
           D:1 |       0 |      60 |   0.0 |       0 |      29 |   0.0 |   899
           D:2 |       0 |     122 |   0.0 |       0 |      24 |   0.0 |   307
               +---------+---------+-------+---------+---------+-------+---------
